Map: Rainfall LE

Players

BabyMarine

  • Race: Terran Terran
  • Spawn Location: 11:00

Mixu - Winner!

  • Race: Zerg Zerg
  • League: Grandmaster
  • Spawn Location: 5:00

Event: HomeStory Cup XXIX

VOD

Have the link to the VOD?

Description

Time

  • Played on: July 4, 2026, 1:28 p.m.
  • Length: 12:19

All games in this series

Show
View Real Time Build Order
Export as new Build Order

BabyMarine Terran 

Build Orders: Reaper Expand, Mech 

Get SALT Encoding   

  8  0:00  SCV  
  9  0:12  SCV  
  10  0:24  SCV  
  11  0:28  Supply Depot  
  11  0:36  SCV  
  12  0:48  SCV  
  13  0:54  Barracks  
  13  1:00  SCV  
  14  1:06  Refinery  
  14  1:13  SCV  
  15  1:25  SCV  
  16  1:40  Orbital Command  
  16  1:51  Reaper  
  17  2:04  Command Center  
  18  2:08  SCV  
  18  2:17  Supply Depot  
  18  2:20  SCV  
  19  2:25  Marine  
  20  2:32  SCV  
  21  2:41  Factory  
  21  2:44  SCV  
  21  2:46  Barracks Reactor  
  21  2:47  Refinery  
  22  2:56  SCV  
  23  3:11  SCV  
  24  3:16  Orbital Command  
  24  3:23  SCV  
  24  3:26  Starport  
  25  3:31  Hellion x2  
  25  3:32  Barracks Tech Lab  
  29  3:35  SCV  
  30  3:42  SCV  
  30  3:47  Supply Depot  
  31  3:49  SCV  
  31  3:51  Marauder  
  31  3:55  Hellion  
  36  3:58  Hellion  
  38  4:03  Viking  
  38  4:04  Concussive Shells  
  40  4:13  Armory  
  40  4:15  Marauder  
  40  4:17  SCV  
  44  4:26  Hellion  
  44  4:27  Supply Depot  
  44  4:30  Hellion  
  47  4:35  Medivac  
  49  4:41  SCV  
  50  4:49  SCV, Marauder  
  50  4:51  Hellion x2  
  57  5:03  SCV  
  57  5:06  Supply Depot  
  58  5:08  Supply Depot  
  58  5:19  Liberator, SCV x2  
  63  5:25  Hellion  
  67  5:28  Hellion  
  67  5:32  SCV x2  
  69  5:44  SCV x2  
  69  5:47  Hellion  
  73  5:50  Hellion  
  73  5:56  SCV x2  
  66  6:05  Command Center  
  66  6:07  Supply Depot  
  66  6:08  SCV x2  
  58  6:20  SCV x2  
  58  6:24  Liberator  
  55  6:26  Refinery, Factory  
  55  6:27  Factory, Refinery  
  55  6:32  SCV  
  56  6:34  Hellion  
  56  6:35  Supply Depot  
  56  6:39  Hellion  
  60  6:40  SCV  
  60  6:46  SCV  
  60  6:54  Terran Vehicle Weapons Level 1  
  60  6:55  SCV  
  60  6:58  SCV, Hellion  
  60  7:01  Hellion  
  66  7:10  Factory Tech Lab  
  66  7:12  SCV x2  
  66  7:14  Supply Depot  
  68  7:17  Siege Tank  
  68  7:18  Orbital Command, Infernal Pre-Igniter  
  68  7:22  Hellion x2  
  75  7:25  SCV x2  
  75  7:40  Siege Tank  
  75  7:42  SCV x2  
  75  7:43  Hellion  
  74  7:45  Orbital Command  
  74  7:51  Siege Tank  
  74  7:52  Hellion  
  74  7:55  SCV x2  
  81  8:04  Armory  
  81  8:09  Command Center  
  81  8:12  SCV x2  
  83  8:14  SCV  
  83  8:15  Siege Tank, Hellion x2  
  91  8:24  Siege Tank, SCV x2  
  91  8:27  Viking  
  98  8:29  SCV  
  98  8:31  Supply Depot  
  99  8:36  SCV  
  99  8:38  Factory  
  99  8:40  Factory, Hellion x2  
  104  8:42  SCV x2  
  104  8:46  Refinery  
  106  8:48  Supply Depot  
  106  8:53  SCV  
  107  8:57  Siege Tank x2  
  107  9:02  SCV  
  114  9:04  Hellion x2  
  118  9:16  SCV  
  113  9:22  SCV  
  108  9:26  Factory Reactor  
  108  9:27  Terran Vehicle Weapons Level 2, Factory Tech Lab  
  108  9:29  Siege Tank x2  
  108  9:35  SCV x2  
  108  9:38  Refinery, Supply Depot  
  110  9:39  Supply Depot  
  114  9:46  Hellion x2, Engineering Bay  
  114  9:48  Thor, Command Center  
  114  9:49  SCV x2  
  114  9:50  SCV  
  114  9:52  Starport Reactor  
  123  10:04  Supply Depot  
  123  10:05  Siege Tank x2  
  123  10:06  Hellion x2  
  133  10:07  SCV x2  
  132  10:22  Hellion x2  
  132  10:25  SCV  
  132  10:28  Sensor Tower  
  137  10:35  Hellion x2  
  144  10:39  Planetary Fortress  
  147  10:43  Missile Turret  
  147  10:44  Missile Turret, Hellion x2  
  147  10:48  Cyclone x3  
  154  10:55  SCV  
  155  11:00  SCV  
  155  11:02  Hellion x2  
  158  11:10  SCV  
  143  11:15  Command Center  
  143  11:17  Ghost Academy, Barracks Tech Lab  
  131  11:20  Cyclone  
  131  11:21  Siege Tank, Barracks  
  131  11:23  Barracks  
  132  11:28  Hellion x3  
  138  11:37  Orbital Command  
  138  11:38  Hellion x2  
  142  11:45  SCV x2  
  143  11:50  Hellion  
  133  11:57  Hellion x2  
  133  11:59  SCV  
  130  12:03  SCV  
Show
View Real Time Build Order
Export as new Build Order

Mixu Zerg - Winner!

Build Orders: Hatch First, Swarm Host 

Get SALT Encoding   

  8  0:00  Drone  
  9  0:10  Drone  
  10  0:16  Drone  
  11  0:21  Drone  
  12  0:32  Overlord  
  12  0:39  Extractor, Drone  
  13  0:51  Drone x2  
  15  1:10  Hatchery  
  14  1:14  Drone  
  14  1:18  Drone  
  16  1:32  Spawning Pool  
  15  1:36  Drone  
  15  1:39  Drone  
  17  1:43  Extractor, Drone  
  17  1:51  Drone  
  18  1:59  Drone  
  19  2:20  Zergling x2  
  19  2:22  Queen x2  
  24  2:23  Overlord  
  24  2:42  Drone x2  
  24  2:43  Zergling x2  
  27  2:44  Drone x2  
  27  2:49  Drone  
  30  2:53  Drone  
  30  2:57  Metabolic Boost  
  31  3:05  Overlord  
  31  3:13  Hatchery  
  31  3:15  Drone  
  31  3:23  Drone  
  31  3:25  Drone x3  
  35  3:30  Drone  
  36  3:34  Drone x3  
  36  3:38  Drone  
  40  3:42  Overlord  
  40  3:45  Overlord  
  40  4:00  Queen  
  40  4:01  Drone x2  
  42  4:03  Queen  
  42  4:04  Zergling x4  
  46  4:12  Drone x3  
  49  4:17  Drone x2  
  49  4:21  Evolution Chamber  
  50  4:24  Overlord  
  50  4:26  Queen  
  50  4:27  Zergling x4  
  54  4:33  Zergling x2  
  54  4:36  Drone x2  
  57  4:38  Queen  
  57  4:41  Overlord  
  57  4:42  Zergling x2  
  59  4:46  Drone  
  59  4:47  Drone x2  
  59  4:49  Zerg Ground Armor Level 1  
  62  4:53  Spore Crawler  
  62  4:55  Spore Crawler  
  60  5:03  Drone x6  
  60  5:05  Drone  
  67  5:08  Drone x3  
  67  5:12  Overlord  
  70  5:15  Overlord  
  70  5:19  Zergling x6  
  73  5:24  Overlord  
  73  5:26  Lair  
  73  5:28  Extractor  
  73  5:30  Baneling Nest, Overlord  
  73  5:33  Zergling x8  
  73  5:35  Zergling x2  
  73  5:37  Zergling x4  
  73  5:39  Zergling x4  
  73  5:41  Zergling x2  
  76  5:44  Zergling x2  
  76  5:49  Zergling x4  
  76  5:52  Zergling x12  
  71  6:03  Queen  
  69  6:04  Zergling x6  
  69  6:10  Zergling x4  
  70  6:15  Zergling x2  
  70  6:17  Queen  
  65  6:19  Drone  
  64  6:25  Queen  
  64  6:27  Drone  
  64  6:31  Centrifugal Hooks  
  68  6:34  Evolution Chamber, Drone  
  68  6:39  Queen  
  69  6:47  Drone x4  
  72  6:50  Drone  
  72  6:51  Zerg Ground Armor Level 2, Drone  
  74  6:54  Drone x2  
  74  6:55  Extractor  
  74  6:56  Evolution Chamber, Drone x2  
  77  7:04  Drone x2  
  79  7:08  Zerg Melee Weapons Level 1  
  79  7:09  Extractor  
  79  7:10  Hatchery  
  79  7:15  Zergling x8  
  81  7:19  Zergling x2  
  81  7:20  Hatchery  
  81  7:23  Zergling x4  
  81  7:26  Zergling x12  
  89  7:32  Zergling x6  
  85  7:45  Drone x3  
  87  7:51  Zergling x2  
  87  7:54  Baneling x4  
  87  7:58  Spore Crawler, Drone x5  
  89  8:03  Zergling x2, Baneling  
  89  8:04  Baneling x4  
  91  8:08  Drone  
  91  8:12  Hydralisk Den  
  91  8:19  Zergling x16  
  99  8:24  Zergling x8  
  103  8:28  Baneling  
  103  8:29  Baneling x6  
  103  8:31  Overlord x4  
  104  8:34  Drone x4  
  104  8:41  Extractor, Zergling x2  
  106  8:45  Zergling x2  
  106  8:47  Overlord x2  
  106  8:48  Overlord  
  108  8:50  Zergling x4  
  108  8:53  Roach Warren, Drone  
  108  8:54  Drone x5  
  105  8:59  Infestation Pit  
  105  9:00  Zergling x2  
  105  9:03  Overlord  
  105  9:04  Zergling x10  
  105  9:09  Zergling x8  
  91  9:21  Drone x9  
  94  9:25  Drone x3  
  94  9:26  Drone  
  98  9:34  Roach x5  
  98  9:35  Swarm Host  
  111  9:40  Roach  
  111  9:41  Roach, Extractor, Swarm Host  
  117  9:46  Swarm Host  
  117  9:47  Swarm Host  
  117  9:50  Zerg Missile Weapons Level 1  
  117  9:51  Swarm Host  
  126  9:54  Swarm Host  
  126  9:58  Swarm Host  
  131  10:09  Swarm Host x2  
  137  10:17  Swarm Host x2  
  137  10:21  Roach x2  
  145  10:24  Extractor  
  145  10:25  Overlord  
  145  10:28  Drone x10  
  150  10:31  Swarm Host x2  
  160  10:37  Overlord  
  160  10:38  Swarm Host  
  162  10:44  Roach x4  
  170  10:51  Overlord x2  
  170  10:52  Overlord  
  166  10:57  Roach x2  
  166  10:58  Roach x2, Glial Reconstitution  
  171  11:06  Roach x5  
  177  11:11  Roach x3  
  177  11:13  Roach  
  177  11:16  Roach x2  
  185  11:18  Roach  
  185  11:22  Roach x2  
  185  11:25  Zergling x8  
  189  11:33  Ravager x5  
  189  11:36  Zergling x10  
  189  11:47  Ravager x3, Overlord  
  185  11:54  Overlord  
Tags
 
Add a new tag
Caveats
  • Supply blocks, unpowered buildings, or Contaminate may cause inaccurate times.
  • Supply counts are checked every 10 seconds.